 Dungeon Crawl Stone Soup version 0.30-a0-782-ge64f9170bb (webtiles) character file.

Game seed: 15590370362841898084

1750 112233 the Skirmisher (level 9, 0/54 HPs)
             Began as a Kobold Hexslinger on Mar 2, 2023.
             Succumbed to a water moccasin's poison
             ... on level 6 of the Dungeon.
             The game lasted 00:10:09 (7353 turns).

112233 the Skirmisher (Kobold Hexslinger)           Turns: 7353, Time: 00:10:10

Health: 0/54       AC:  5    Str: 13    XL:     9   Next: 27%
Magic:  5/5        EV: 19    Int: 16    God:
Gold:   212        SH:  0    Dex: 22    Spells: 10/17 levels left

rFire   + . .      SeeInvis .    d - +2 shortbow of Context {antimagic, rElec rF+ Will++ Dex+4}
rCold   . . .      Faith    .    (shield currently unavailable)
rNeg    . . .      Spirit   .    e - +2 robe {Will+}
rPois   .          Reflect  .    (no helmet)
rElec   +          Harm     .    (no cloak)
rCorr   +          Rampage  .    (no gloves)
Will    +++..                    p - +0 pair of boots
Stlth   +++                      (no amulet)
HPRegen 0.29/turn                i - ring of resist corrosion
MPRegen 0.09/turn                n - +6 ring of strength

@: lethally poisoned (0 -> -12)
A: small, no large weapons, nightstalker 3
a: no special abilities


You were on level 6 of the Dungeon.
You visited 2 branches of the dungeon, and saw 7 of its levels.

You collected 322 gold pieces.
You spent 110 gold pieces at shops.

Inventory:

Hand Weapons
 a - a +1 sling
 d - the +2 shortbow of Context (weapon) {antimagic, rElec rF+ Will++ Dex+4}
   (You acquired it on level 5 of the Dungeon)

   Dex:       It affects your dexterity (+4).
   rF:        It protects you from fire.
   rElec:     It insulates you from electricity.
   Will:      It greatly increases your willpower.
 t - a +1 arbalest
Armour
 c - a +0 robe
 e - a +2 robe of willpower (worn)
 p - a +0 pair of boots (worn)
Jewellery
 g - a ring of protection from fire
 i - a ring of resist corrosion (left hand)
 n - a +6 ring of strength (right hand)
Wands
 f - a wand of light (2)
 l - a wand of paralysis (11)
Scrolls
 k - 3 scrolls of identify
 q - a scroll of immolation
Potions
 h - a potion of flight
Miscellaneous
 j - a piece from Xom's chessboard (15/15)


   Skills:
 + Level 5.0 Fighting
 * Level 8.9 Ranged Weapons
 + Level 6.0 Dodging
 + Level 4.5 Spellcasting
 + Level 5.5 Hexes


You had 10 spell levels left.
You knew the following spells:

 Your Spells              Type           Power      Damage    Failure   Level
a - Slow                  Hex            84%        N/A       1%          1
b - Tukima's Dance        Hex            21%        N/A       4%          3
c - Portal Projectile     Hex/Tloc       24%        N/A       16%         3

Your spell library contained the following spells:

 Spells                   Type           Power      Damage    Failure   Level
 Sting                    Tmut/Pois      12%        1d3       16%         1
 Inner Flame              Hex/Fire       12%        N/A       16%         3
 Cause Fear               Hex            10%        N/A       17%         4
 Cigotuvi's Dreadful Rot  Necr/Pois/Air  6%         N/A       24%         2
 Poisonous Vapours        Pois/Air       6%         N/A       24%         2
 Call Canine Familiar     Summ           3%         N/A       43%         3
 Mephitic Cloud           Conj/Pois/Air  3%         N/A       43%         3
 Leda's Liquefaction      Hex/Erth       6%         N/A       45%         4
 Yara's Violent Unravell  Hex/Tmut       6%         3d5       82%         5
 Animate Dead             Necr           3%         N/A       85%         4
 Olgreb's Toxic Radiance  Pois           3%         N/A       85%         4
 Passage of Golubria      Tloc           3%         N/A       85%         4
 Borgnjor's Vile Clutch   Necr/Erth      1%         N/A       99%         5
 Death Channel            Necr           1%         N/A       100%        6


Dungeon Overview and Level Annotations

Branches:
Dungeon (6/15)             Temple (1/1) D:6

Altars:
Ashenzari
Cheibriados
Elyvilon
Fedhas
Nemelex Xobeh
Okawaru
Qazlal
Sif Muna
Uskayaw
Vehumet
Xom
Yredelemnul

Shops:
D:5 *   D:6 !

Annotations:
D:5 3 runed translucent doors, exclusion: upstairs


Innate Abilities, Weirdness & Mutations

You are small and have problems with some larger weapons.
You are completely attuned to the shadows.


Message History

The water moccasin bites you.
* * * LOW HITPOINT WARNING * * *
You are lethally poisoned!
The water moccasin poisons you! The bullfrog closely misses you.
Unknown command.
Fire: d) +2 shortbow of Context {antimagic, rElec rF+ Will++ Dex+4}
Press: ? - help, Q - select action, (/) - cycle Shift-Dir - straight line, f/p - water moccasin
Aim: a water moccasin (moderately wounded, 57% to hit)
You shoot an arrow. The arrow hits the water moccasin.
The water moccasin is moderately wounded.
* * * LOW HITPOINT WARNING * * *
You feel very sick. The water moccasin misses you. The bullfrog misses you.
The water moccasin bites you but does no damage.
The bullfrog hits you but does no damage.
Unknown command.
Fire: d) +2 shortbow of Context {antimagic, rElec rF+ Will++ Dex+4}
Press: ? - help, Q - select action, (/) - cycle Shift-Dir - straight line, f/p - water moccasin
Aim: a water moccasin (moderately wounded, 57% to hit)
You shoot an arrow. The arrow misses the water moccasin.
* * * LOW HITPOINT WARNING * * *
You feel very sick. The water moccasin barely misses you.
The bullfrog closely misses you.
Unknown command.
Fire: d) +2 shortbow of Context {antimagic, rElec rF+ Will++ Dex+4}
Press: ? - help, Q - select action, (/) - cycle Shift-Dir - straight line, f/p - water moccasin
Aim: a water moccasin (moderately wounded, 57% to hit)
You shoot an arrow. The arrow hits the water moccasin!
The water moccasin is severely wounded.
* * * LOW HITPOINT WARNING * * *
You feel very sick. The water moccasin misses you. The bullfrog misses you.
The water moccasin misses you. The bullfrog misses you.
Unknown command.
Fire: d) +2 shortbow of Context {antimagic, rElec rF+ Will++ Dex+4}
Press: ? - help, Q - select action, (/) - cycle Shift-Dir - straight line, f/p - water moccasin
Aim: a water moccasin (severely wounded, 57% to hit)
You shoot an arrow. The arrow hits the water moccasin!
You kill the water moccasin!
You die...

oo.....##.....#
..#....###....##
..###...#......#
.##.###..........#
......................
..#.......#.......#.....
.......#......#......#.)
.....#.....#.....#.....#
#...#....#....#F@..#
..#...#...#...#..†#..
.....#..#..#..#..#..
..#.#.#.#.#.#.#.#.#.#
.##.##.## ## # .#
.###.### .###.## ..###)#
..#####


You could see a bullfrog.

Vanquished Creatures
  Grinder (D:5)
  Eustachio (D:5)
  Edmund (D:5)
  A water moccasin (D:6)
  An ice beast (D:6)
  2 black bears
  An ogre (D:6)
  2 phantoms
  A bullfrog (D:6)
  A scorpion (D:4)
  4 hounds
  An orc priest (D:6)
  2 gnoll boudas
  3 iguanas
  4 orc wizards
  10 gnolls
  6 adders
  3 shadow imps
  A white imp (D:6)
  An ufetubus (D:6)
  A worm (D:4)
  A dart slug (D:3)
  14 orcs
  3 ball pythons
  5 bats
  9 endoplasms
  2 giant cockroaches
  6 goblins
  6 hobgoblins
  7 kobolds
  6 quokkas
  A frilled lizard (D:1)
  6 rats
  A butterfly (D:6)
115 creatures vanquished.

Vanquished Creatures (others)
  A plant (D:3)
1 creature vanquished.

Grand Total: 116 creatures vanquished

Notes
Turn   | Place    | Note
-------+----------+-------------------------------------------
     0 | D:1      | 112233 the Kobold Hexslinger began the quest for the Orb.
     0 | D:1      | Reached XP level 1. HP: 12/12 MP: 2/2
   220 | D:1      | Found a faded altar of an unknown god.
   363 | D:1      | Reached XP level 2. HP: 11/16 MP: 3/3
   485 | D:1      | Reached skill level 3 in Ranged Weapons
  1150 | D:2      | Reached XP level 3. HP: 21/21 MP: 5/5
  2222 | D:3      | Learned a level 3 spell: Tukima's Dance
  2474 | D:3      | Reached XP level 4. HP: 26/26 MP: 6/6
  2593 | D:3      | Found a broken altar of Ashenzari.
  2818 | D:4      | Noticed a black bear
  2822 | D:5      | Entered Level 5 of the Dungeon
  2896 | D:5      | Identified a scroll of acquirement
  2896 | D:5      | Acquired the +2 shortbow of Context {antimagic, rElec rF+
                  | Will++ Dex+4}
  3156 | D:5      | Noticed Eustachio
  3157 | D:5      | Reached skill level 4 in Ranged Weapons
  3168 | D:5      | Killed Eustachio
  3169 | D:5      | Reached skill level 5 in Ranged Weapons
  3169 | D:5      | Reached XP level 5. HP: 17/31 MP: 2/8
  3169 | D:5      | Reached XP level 6. HP: 20/36 MP: 3/9
  3291 | D:5      | Noticed Grinder
  3308 | D:5      | Noticed Edmund
  3311 | D:5      | Noticed a black bear
  3546 | D:5      | Found Zoosk's Assorted Antiques.
  3580 | D:5      | Killed a black bear
  3635 | D:5      | Bought a potion of heal wounds for 110 gold pieces
  3698 | D:5      | Reached XP level 7. HP: 41/41 MP: 3/11
  3736 | D:4      | Found a radiant altar of Vehumet.
  3925 | D:4      | Found an iron altar of Okawaru.
  3936 | D:4      | Reached skill level 6 in Ranged Weapons
  4121 | D:4      | Learned a level 3 spell: Portal Projectile
  4598 | D:5      | Killed Grinder
  4599 | D:5      | Reached skill level 7 in Ranged Weapons
  4599 | D:5      | Reached XP level 8. HP: 8/48 MP: 3/13
  4903 | D:5      | Reached skill level 5 in Dodging
  5185 | D:5      | Killed Edmund
  5243 | D:5      | Found a runed translucent gate.
  5243 | D:5      | Found a runed translucent gate.
  5243 | D:5      | Found a runed translucent gate.
  5502 | D:6      | HP: 2/48 [something (3)]
  5505 | D:6      | Reached skill level 5 in Hexes
  5993 | D:6      | Found a stormy altar of Qazlal.
  6010 | D:6      | Reached skill level 8 in Ranged Weapons
  6273 | D:6      | Found a shimmering altar of Xom.
  6337 | D:6      | Found Jeg Errogu's Distillery.
  6619 | D:6      | Reached XP level 9. HP: 52/52 MP: 5/15
  6914 | D:6      | Found a staircase to the Ecumenical Temple.
  7027 | Temple   | Entered the Ecumenical Temple
  7234 | D:6      | Reached skill level 5 in Fighting
  7353 | D:6      | Succumbed to a water moccasin's poison

Illustrated notes

Levels and vault maps discovered:
D:1:      nicolae_arrival_memento_mori, layout_basic,
          hellmonk_ecumenical_altar_crossroads, minmay_stone_trees_medium,
          kennysheep_pointless_box, dk_noncrumbling_3
D:2:      layout_loops_corners
D:3:      layout_rooms, mainiacjoe_overflow_tiny_flanked, serial_forest,
          infiniplex_forest_clump_diagonal, infiniplex_forest_lined_room_3,
          infiniplex_forest_diagonal, infiniplex_forest_clump_small,
          infiniplex_forest_clump_small, infiniplex_forest_clump_medium,
          infiniplex_forest_straight_2, grunt_ministairs_2
D:4:      layout_loops_cross, mainiacjoe_overflow_paths,
          nicolae_vehumet_altar_sigil, st_stairs_8, minmay_surrounded
D:5:      layout_basic, gammafunk_ghost_cemetery, serial_bayou_pond_b,
          corexii_leaking_fountain, minmay_shop_grid_forest, uniq_grinder,
          uniq_eustachio, uniq_edmund
D:6:      layout_cave_pools, grunt_qazlal_sundering, xom_butterflies,
          temple_statues, serial_shops, shop, minmay_increasing_density
Temple:   nicolae_temple_great_sept

Skill      XL: |  1  2  3  4  5  6  7  8  9 |
---------------+----------------------------+-----
Ranged Weapons | 3 5 7 8 |  8.9
Dodging        | 3 4 5 6 |  6.0
Fighting       | 2 3 4 5 |  5.0
Spellcasting   | 2 3 4 |  4.5
Hexes          | 4 5 |  5.5

Action                     |  1- 3 |  4- 6 |  7- 9 || total
---------------------------+-------+-------+-------++-------
  Melee: Arbalest          |       |     4 |       ||     4
   Fire: Sling             |    93 |     3 |       ||    96
         Shortbow          |       |    56 |   264 ||   320
         Arbalest          |       |     5 |       ||     5
   Cast: Slow              |     7 |     3 |    10 ||    20
         Portal Projectile |       |       |     1 ||     1
    Use: Potion            |     3 |     7 |       ||    10
         Scroll            |       |     9 |     3 ||    12
 Armour: Robe              |     6 |     9 |    35 ||    50
  Dodge: Dodged            |    25 |    56 |   175 ||   256

Table legend: (Time is in decaauts)
 A = Elapsed time spent in this place.
 B = Non-inter-level travel time spent in this place.
 C = Inter-level travel time spent in this place.
 D = Time resting spent in this place.
 E = Time spent auto-exploring this place.
 F = Levels seen in this place.
 G = Mean time per level.
                   A        B        C        D        E       F      G
               +--------+--------+--------+--------+--------+-----+--------+
         Total |   7442 |   7184 |    258 |   1593 |   4615 |   7 | 1063.1 |
       Dungeon |   7288 |   7046 |    242 |   1593 |   4485 |   6 | 1214.7 |
        Temple |    154 |    139 |     15 |      0 |    130 |   1 |  154.0 |
               +--------+--------+--------+--------+--------+-----+--------+

Top non-repeatable levels by time:
     D:5: 2044 daAuts
     D:6: 1414 daAuts
     D:2: 1244 daAuts
     D:4: 990 daAuts
     D:1: 988 daAuts
     D:3: 604 daAuts
  Temple: 154 daAuts
